 Dungeon Crawl Stone Soup version 0.19-a0-1079-g88a7474 (webtiles) character file.

1 4thArraOfDagon the Ducker (level 1, 0/11 HPs)
             Began as a Spriggan Abyssal Knight on Aug 6, 2016.
             Was an Initiate of Lugonu.
             Slain by a giant gecko (2 damage)
             ... on level 1 of the Dungeon.
             The game lasted 00:02:08 (275 turns).

4thArraOfDagon the Ducker (Spriggan Abyssal Knight)  Turns: 275, Time: 00:02:09

Health: 0/11       AC:  3    Str:  8    XL:     1   Next: 16%
Magic:  3/3        EV: 18    Int: 13    God:    Lugonu [......]
Gold:   47         SH:  0    Dex: 13    Spells: 0 memorised, 0 levels left

rFire  . . .     SeeInvis +     a - +1 short sword
rCold  . . .     Gourm    .     b - +0 robe
rNeg   . . .     Faith    .     (shield restricted)
rPois  .         Spirit   .     k - +1 hat
rElec  .         Dismiss  .     (no cloak)
rCorr  .         Reflect  .     (gloves unavailable)
SustAt .         Harm     .     (boots unavailable)
MR     .....                    (no amulet)
Stlth  +.........               (no ring)
                                f - -2 ring of dexterity (curse)

@: very quick
A: unfitting armour, see invisible, herbivore 3, speed 3, slow metabolism 2
a: Renounce Religion


You were on level 1 of the Dungeon.
You worshipped Lugonu.
Lugonu was noncommittal.
You were not hungry.

You visited 1 branch of the dungeon, and saw 1 of its levels.
You visited the Abyss 1 time.

You collected 47 gold pieces.

Inventory:

Hand Weapons
 a - a +1 short sword (weapon)
Armour
 b - a +0 robe (worn)
 k - a +1 hat (worn)
Jewellery
 f - a cursed -2 ring of dexterity (left hand)
Wands
 h - a wand of digging (19/24)
 j - a wand of flame (29/48)
Scrolls
 d - a scroll of identify {unknown}
 g - a scroll of amnesia {unknown}
 i - a scroll of noise {unknown}
 l - a scroll of remove curse {unknown}
Potions
 e - 2 potions of might {unknown}
Comestibles
 c - a bread ration
 m - a royal jelly


   Skills:
 - Level 2.4 Fighting
 * Level 2.1 Short Blades
 + Level 3.6 Dodging
 * Level 0.4 Stealth
 + Level 1.7 Invocations


You couldn't memorise any spells.
You didn't know any spells.

Dungeon Overview and Level Annotations

Branches:
Dungeon (1/15)

Altars:


Innate Abilities, Weirdness & Mutations

You are tiny and cannot use many weapons and most armour.
You have supernaturally acute eyesight. (SInv)
You are a herbivore.
You cover ground extremely quickly.
You need consume almost no food.


Message History

Lugonu accepts your kill.
A giant gecko comes into view.
You see here a royal jelly.
Unknown command.
The giant gecko closely misses you.
You hit the giant gecko.
The giant gecko is moderately wounded.
The giant gecko bites you.
You hit the giant gecko.
The giant gecko is heavily wounded.
The giant gecko completely misses you.
You hit the giant gecko.
The giant gecko is heavily wounded.
The giant gecko bites you.
* * * LOW HITPOINT WARNING * * *
You are too injured to fight recklessly!
You are too injured to fight recklessly!
m - a royal jelly The giant gecko bites you.
You die...

### ##)##
##########...##
#.............####
#.######..........
#.# #............
###[####.#.......###
#.l@).##.##......# #
#.###.## ##...#.# #
#. ... #.....# # #
### #..######
#.(...... #...###.#
#.. #.# ....


You could see a giant gecko.

Vanquished Creatures
  A hobgoblin (D:1)
1 creature vanquished.

Vanquished Creatures (others)
  A starspawn tentacle (Abyss:3)
  24 starspawn tentacle segments (Abyss:3)
25 creatures vanquished.

Grand Total: 26 creatures vanquished

Notes
Turn   | Place    | Note
-------+----------+-------------------------------------------
     0 | Abyss:1  | 4thArraOfDagon the Spriggan Abyssal Knight began the quest for the Orb.
     0 | Abyss:1  | Reached XP level 1. HP: 11/11 MP: 3/3
    26 | Abyss:2  | Found a corrupted altar of Lugonu.
    43 | Abyss:2  | Noticed a small abomination
    44 | Abyss:2  | Noticed a starcursed mass
    46 | Abyss:2  | Noticed an ancient zyme
    73 | Abyss:2  | Noticed a ynoxinul
    91 | Abyss:2  | Noticed a shadow wraith
   111 | Abyss:2  | Noticed a golden eye
   128 | Abyss:2  | Noticed an ancient zyme
   135 | Abyss:2  | Noticed a neqoxec
   141 | Abyss:2  | Noticed an iron imp
   148 | Abyss:2  | Noticed a spatial vortex
   148 | Abyss:2  | Noticed a spatial vortex
   148 | Abyss:2  | Noticed a spatial vortex
   148 | Abyss:2  | Noticed a spatial vortex
   177 | Abyss:3  | Noticed a crimson imp
   203 | Abyss:3  | Noticed a giant eyeball
   203 | Abyss:3  | Noticed a giant eyeball
   203 | Abyss:3  | Noticed a chaos spawn
   203 | Abyss:3  | Noticed a tentacled starspawn
   204 | Abyss:3  | Noticed a boggart
   204 | Abyss:3  | Noticed a chaos spawn
   206 | Abyss:3  | Noticed a boggart
   206 | Abyss:3  | Noticed a boggart
   207 | Abyss:3  | Noticed a boggart
   208 | Abyss:3  | Noticed a ynoxinul
   209 | Abyss:3  | Noticed an unseen horror
   209 | Abyss:3  | Noticed a large abomination
   209 | Abyss:3  | Noticed a chaos spawn
   209 | Abyss:3  | Noticed a large abomination
   209 | D:1      | Escaped the Abyss
   275 | D:1      | Slain by a giant gecko

Vault maps used:
D:1:      shiori_arrival_elements, minmay_tall_x
Abyss:1:  abyss_furniture_001
Abyss:3:  hangedman_shadowy_showcase

Action                   || total
-------------------------++-------
Melee: Short sword       ||     5
Invok: Depart the Abyss  ||     1
Armor: Robe              ||     1
Dodge: Dodged            ||     8
